 Dungeon Crawl Stone Soup version 0.12.2-14-g7c90c79 (webtiles) character file.

1026 Gabry the Shield-Bearer (level 7, 0/60 HPs)
             Began as a Minotaur Fighter on Aug 5, 2013.
             Slain by an orc warrior
             ... wielding a +0,+1 orcish trident
              (5 damage)
             ... on Level 6 of the Dungeon on Aug 7, 2013.
             The game lasted 00:50:15 (4529 turns).

Gabry the Shield-Bearer (Minotaur Fighter)          Turns: 4529, Time: 00:50:15

HP   0/60        AC 16     Str 24      XL: 7   Next: 96%
MP  11/11        EV  5     Int  5      God:
Gold 44          SH 23     Dex 11      Spells:  0 memorised,  6 levels left

Res.Fire  : . . .   See Invis. : .   i - +3,+4 mace (holy)
Res.Cold  : . . .   Warding    : .   u - +0 splint mail
Life Prot.: . . .   Conserve   : .   c - +1 shield
Res.Poison: .       Res.Corr.  : .   (helmet restricted)
Res.Elec. : .       Clarity    : .   o - +0 cloak
Sust.Abil.: . .     Spirit.Shd : .   n - +1 pair of orc gloves {Str+3}
Res.Mut.  : .       Stasis     : .   (no boots)
Res.Rott. : .       Ctrl.Telep.: .   (no amulet)
Saprovore : . . .   Flight     : .   b - ring of magical power
                                     w - +2 ring of protection

@: exhausted, slowed, very slow, slightly resistant to hostile enchantments,
extremely unstealthy
A: retaliatory headbutt, horns 2
a: no special abilities


You were on level 6 of the Dungeon.
You were not hungry.

You visited 1 branch of the dungeon, and saw 6 of its levels.

You collected 301 gold pieces.
You spent 277 gold pieces at shops.

Inventory:

Hand weapons
 i - a +3,+4 mace of holy wrath (weapon)
 q - a +0,+0 dagger of freezing (quivered)
 C - a +2,+0 short sword of draining
Armour
 c - a +1 shield (worn)
 n - a +1 pair of orcish gloves of strength (worn)
 o - a +0 cloak (worn)
 s - a +0 dwarven chain mail
 u - a +0 splint mail (worn)
Magical devices
 a - a wand of digging (16)
Comestibles
 d - 5 bread rations
Scrolls
 h - 7 scrolls of identify
 j - 4 scrolls of fog
 x - a scroll of fear
 E - 7 scrolls of remove curse
Jewellery
 b - a ring of magical power (right hand)
 f - an uncursed ring of fire
 w - a +2 ring of protection (left hand)
Potions
 e - a potion of berserk rage
 g - a potion of invisibility
 k - a potion of curing
 m - a potion of speed {unknown}
 B - 2 potions of restore abilities


   Skills:
 + Level 4.7 Fighting
 + Level 5.1 Maces & Flails
 + Level 6.6 Armour
 + Level 3.4 Dodging
 + Level 0.6 Stealth
 + Level 0.3 Stabbing
 + Level 6.8 Shields
 + Level 0.4 Traps


You had 6 spell levels left.
You didn't know any spells.

Dungeon Overview and Level Annotations

Branches:
Dungeon (6/27)
 Temple: D:4-7          Orc: D:6-11

Altars:
Fedhas
Makhleb
Trog

Shops:
D:4: ? D:5: ![*[


Innate Abilities, Weirdness & Mutations

You reflexively headbutt those who attack you in melee.
You have a pair of horns on your head.


Message History

The orc warrior hits you with an orcish trident!
* * * LOW HITPOINT WARNING * * *
The orc priest hits you but does no damage.
You block the orc priest's attack.
You sock the orc priest! Your headbutt misses the orc priest.
The orc priest is almost dead.
You block the orc warrior's attack. The orc wizard casts a spell at you.
The magic dart hits you!
* * * LOW HITPOINT WARNING * * *
You block the orc priest's attack.
You thump the orc priest!
You kill the orc priest!
The orc warrior hits you but does no damage.
The orc warrior hits you with an orcish trident!
* * * LOW HITPOINT WARNING * * *
The orc wizard hits you but does no damage.
You block the orc wizard's attack.
The orc warrior hits you from afar with an orcish trident.
You die...

#..>..'#
#.....##
#...^.#
#.....#
#....##
#....#
###'######
#...(...#
#.@.....#
#.......#
#o)o....#
#..(....#
##
##'######
... #.#
###... #.#
#.f... #.#
#.# #.#
#.#


You could see an orc warrior and an orc wizard.

Vanquished Creatures
  A hippogriff (D:6)
  2 black bears (D:5)
  An ogre (D:5)
  Sigmund (D:4)
  Blork the orc (D:4)
  A water moccasin skeleton (D:6)
  2 hounds
  An orc priest (D:6)
  2 orc wizards
  A scorpion (D:4)
  An iguana (D:4)
  2 worker ants
  Jessica (D:2)
  Terence (D:2)
  An iguana skeleton (D:4)
  6 adders
  An inept feature mimic (D:4)
  A worm (D:3)
  A giant mite (D:2)
  A giant eyeball (D:4)
  2 giant geckos
  20 orcs
  A ball python (D:3)
  10 bats
  4 giant cockroaches
  12 goblins
  4 hobgoblins
  9 kobolds
  3 quokkas
  2 giant newts
  A giant spore (D:6)
  A quokka skeleton (D:4)
  9 rats
107 creatures vanquished.

Vanquished Creatures (others)
  A giant newt (D:3)
1 creature vanquished.

Grand Total: 108 creatures vanquished

Notes
Turn   | Place    | Note
--------------------------------------------------------------
     0 | D:1      | Gabry, the Minotaur Fighter, began the quest for the Orb.
     0 | D:1      | Reached XP level 1. HP: 19/19 MP: 0/0
   129 | D:1      | Reached skill level 4 in Armour
   181 | D:1      | Reached XP level 2. HP: 26/26 MP: 0/0
   616 | D:2      | Noticed Jessica
   636 | D:2      | Reached XP level 3. HP: 26/33 MP: 1/1
   640 | D:2      | Killed Jessica
  1005 | D:2      | Noticed Terence
  1039 | D:2      | Killed Terence
  1101 | D:2      | Reached XP level 4. HP: 38/40 MP: 1/1
  1340 | D:3      | Reached skill level 1 in Dodging
  1571 | D:3      | Found a burning altar of Makhleb.
  2402 | D:4      | Noticed Blork the orc
  2425 | D:4      | Killed Blork the orc
  2425 | D:4      | Reached skill level 5 in Armour
  2425 | D:4      | Reached XP level 5. HP: 24/46 MP: 1/1
  2512 | D:4      | Reached skill level 5 in Shields
  2699 | D:4      | Reached XP level 6. HP: 25/53 MP: 2/2
  2803 | D:4      | Noticed Sigmund
  2931 | D:4      | Found a staircase to the Ecumenical Temple.
  2937 | D:4      | the staircase to the Ecumenical Temple was a mimic.
  2967 | D:4      | Found Bleidiu's Magic Scroll Boutique.
  2971 | D:4      | Bought a scroll of identify for 22 gold pieces
  2971 | D:4      | Bought a scroll of identify for 22 gold pieces
  2971 | D:4      | Bought a scroll of identify for 22 gold pieces
  2971 | D:4      | Bought a scroll of enchant weapon I for 60 gold pieces
  2995 | D:4      | Killed Sigmund
  3133 | D:5      | Entered Level 5 of the Dungeon
  3152 | D:5      | Found Iwubopp's Armour Emporium.
  3170 | D:5      | Found Steygequ's Assorted Antiques.
  3172 | D:5      | Found Preappic's Armour Emporium.
  3359 | D:5      | Found a bloodstained altar of Trog.
  3366 | D:5      | Reached skill level 6 in Shields
  3366 | D:5      | Reached XP level 7. HP: 52/60 MP: 2/2
  3383 | D:5      | Found Soompoko's Distillery.
  3420 | D:5      | Found a blossoming altar of Fedhas.
  3865 | D:5      | Bought a +1 pair of orcish gloves of strength for 151 gold pieces
  4294 | D:6      | Reached skill level 5 in Maces & Flails
  4529 | D:6      | Slain by an orc warrior

Action                   |  1- 3 |  4- 6 |  7- 9 || total
-------------------------+-------+-------+-------++-------
Melee: Mace              |    69 |   179 |    67 ||   315
  Use: Scroll            |    11 |     8 |     4 ||    23
       Potion            |       |     5 |     3 ||     8
 Stab: Invisible         |       |     2 |       ||     2
